 Dungeon Crawl Stone Soup version 0.29.1-2-gbd0b4ee654 (webtiles) character file.

Game seed: 13067901246362721715

63 GorkyZ the Chopper (level 4, -9/27 HPs)
             Began as a Gargoyle Gladiator on Nov 23, 2022.
             Killed by divine providence
             ... invoked by an orc priest
              (13 damage)
             ... on level 2 of the Dungeon.
             The game lasted 00:04:08 (1725 turns).

GorkyZ the Chopper (Gargoyle Gladiator)             Turns: 1725, Time: 00:04:08

Health: -9/27      AC: 10    Str: 19    XL:     4   Next: 9%
Magic:  4/4        EV: 10    Int:  9    God:
Gold:   58         SH:  0    Dex: 11    Spells: 3/3 levels left

rFire   . . .      SeeInvis .   a - +0 war axe
rCold   . . .      Faith    .   (no shield)
rNeg    + . .      Spirit   .   t - +0 scale mail
rPois   ∞          Reflect  .   c - +0 helmet
rElec   +          Harm     .   (no cloak)
rCorr   .          Rampage  .   (no gloves)
Will    .....                   (no boots)
Stlth   ..........              (no amulet)
HPRegen 0.09/turn               i - ring of flight
MPRegen 0.09/turn               (no ring)

@: flying
A: sickness immunity, AC +3, negative energy resistance 1, electricity
resistance, torment resistance 1, petrification resistance
a: no special abilities


You were on level 2 of the Dungeon.
You visited 1 branch of the dungeon, and saw 2 of its levels.

You collected 58 gold pieces.

Inventory:

Hand Weapons
 a - a +0 war axe (weapon)
Missiles
 d - 3 throwing nets (quivered)
 e - 3 javelins
 s - 4 boomerangs
Armour
 b - a +0 leather armour
 c - a +0 helmet (worn)
 k - a +0 ring mail
 t - a +0 scale mail (worn)
Jewellery
 i - a ring of flight (left hand)
Wands
 o - a wand of digging (4)
Scrolls
 f - a scroll of identify {unknown}
 g - a scroll of fear {unknown}
 j - a scroll of vulnerability {unknown}
 l - 2 scrolls of magic mapping {unknown}
 m - a scroll of teleportation {unknown}
 p - 3 scrolls of blinking {unknown}
 v - a scroll of enchant armour {unknown}
Potions
 h - 5 potions of curing {unknown}
 n - 2 potions of mutation {unknown}
 q - a potion of might {unknown}
 r - a potion of flight {unknown}
 u - 2 potions of berserk rage {unknown}
 w - a potion of attraction {unknown}


   Skills:
 + Level 2.8 Fighting
 + Level 3.0 Axes
 + Level 2.1 Throwing
 + Level 1.2 Armour
 + Level 2.7 Dodging
 + Level 1.0 Shields
 + Level 0.8 Evocations


You had 3 spell levels left.
You didn't know any spells.
Your spell library contained the following spells:

 Spells                   Type           Power      Damage    Failure   Level
 Magic Dart               Conj           0%         1d3       77%         1
 Sting                    Tmut/Pois      0%         1d3       77%         1
 Poisonous Vapours        Pois/Air       0%         N/A       88%         2
 Searing Ray              Conj           0%         2d4       88%         2
 Fulminant Prism          Conj/Hex       0%         3d6       100%        4
 Olgreb's Toxic Radiance  Pois           0%         N/A       100%        4


Dungeon Overview and Level Annotations

Branches:
Dungeon (2/15)

Altars:
Ashenzari


Innate Abilities, Weirdness & Mutations

You are immune to sickness and miasma.
Your stone body is resilient. (AC +3)
You are immune to poison.
You resist negative energy. (rN+)
You are resistant to electric shocks. (rElec)
You are resistant to unholy torment.
You are immune to petrification.


Message History

You hit the orc priest.
The orc priest is moderately wounded.
The orc priest hits you but does no damage.
You completely miss the orc priest.
The orc priest is moderately wounded.
The orc priest completely misses you.
You barely miss the orc priest.
The orc priest is moderately wounded.
The orc priest hits you but does no damage.
The orc priest hits you with a +0 club.
You closely miss the orc priest.
The orc priest is moderately wounded.
The orc priest misses you.
You closely miss the orc priest.
The orc priest is moderately wounded.
The orc priest hits you with a +0 club.
You completely miss the orc priest.
The orc priest is moderately wounded.
The orc priest looks braver for a moment.
The orc priest hits you with a +0 club.
You slash the orc priest!
The orc priest is severely wounded.
The orc priest barely misses you.
You barely miss the orc priest.
The orc priest is severely wounded.
The orc priest hits you with a +0 club.
You barely miss the orc priest.
The orc priest is severely wounded.
The orc priest hits you but does no damage.
You closely miss the orc priest.
The orc priest is severely wounded.
The orc priest closely misses you.
The orc priest mumbles some strange prayers to Beogh against you.
Beogh smites you!
* * * LOW HITPOINT WARNING * * *
You barely miss the orc priest.
The orc priest is severely wounded.
The orc priest calls down the wrath of Beogh upon you.
Beogh smites you!
You die...

#.# #.### #.# #o##<### #.#
#...# ##.####.#..... #.#
#.#.###.#......o#... #.#
#.#.##.###.##.#...##
#.#######.#.#.##
##.#.##.##
#...[.....#.##.###.##.##.#
#.###...........#....÷...#
#.# ######.o#..#.#.##.####
#.# #.@...###.##.# #.#
##........##.#
#.#########...######..#
#.......).....# #.##
############..# #.# # #..#
#.# # #..# #.# # #..# #(#
# #######..######.# #


You could see an orc priest.

Vanquished Creatures
  A gnoll (D:1)
  A worm (D:2)
  2 dart slugs
  3 orcs
  3 ball pythons (D:1)
  2 giant cockroaches
  2 goblins (D:1)
  6 jackals
  4 kobolds
  2 quokkas (D:1)
  6 bats
  3 frilled lizards (D:1)
  6 rats
41 creatures vanquished.

Notes
Turn   | Place    | Note
-------+----------+-------------------------------------------
     0 | D:1      | GorkyZ the Gargoyle Gladiator began the quest for the Orb.
     0 | D:1      | Reached XP level 1. HP: 12/12 MP: 1/1
   111 | D:1      | Reached XP level 2. HP: 13/17 MP: 2/2
   314 | D:1      | Reached skill level 1 in Armour
   314 | D:1      | Reached XP level 3. HP: 18/22 MP: 3/3
   555 | D:1      | You are sucked into a shaft and drop 1 floor!
   585 | D:2      | Found a broken altar of Ashenzari.
   838 | D:2      | Reached skill level 1 in Shields
   958 | D:2      | Reached skill level 3 in Axes
  1116 | D:2      | Identified the +5 ring mail of the Wasteland {rElec Str-4
                  | Int+3}
  1327 | D:2      | Reached XP level 4. HP: 27/27 MP: 4/4
  1725 | D:2      | Killed from afar by an orc priest

Illustrated notes

Levels and vault maps discovered:
D:1:      minmay_arrival_diagonal_passages, layout_rooms
D:2:      layout_loops_ring, basic_altar

Skill      XL: |  1  2  3 |
---------------+----------+-----
Throwing       | 2 |  2.1
Armour         | 1 |  1.2
Shields        | 1 |  1.0
Axes           | 3 |  3.0
Fighting       | |  2.8
Dodging        | |  2.7
Evocations     | |  0.8

Action                   |  1- 3 |  4- 6 || total
-------------------------+-------+-------++-------
Melee: War axe           |    78 |    20 ||    98
Armor: Leather armour    |    15 |       ||    15
       Ring mail         |    25 |       ||    25
       Scale mail        |     2 |    13 ||    15
Dodge: Dodged            |    79 |    15 ||    94
